 Dungeon Crawl Stone Soup version 0.31-a0-667-g39726597b9 (webtiles) character file.

Game seed: 16797825625454980613

3 Bravepunisher the Ducker (level 1, -1/11 HPs)
             Began as a Spriggan Monk on Sept 3, 2023.
             Slain by an iguana (8 damage)
             ... in the Ecumenical Temple.
             The game lasted 00:01:20 (232 turns).

Bravepunisher the Ducker (Spriggan Monk)             Turns: 232, Time: 00:01:21

Health: -1/11      AC:  2    Str:  7    XL:     1   Next: 41%
Magic:  2/2        EV: 19    Int: 11    God:
Gold:   10         SH:  0    Dex: 17    Spells: 0/0 levels left

rFire   . . .        a - +0 short sword
rCold   . . .        d - orb {light}
rNeg    . . .        b - +0 robe
rPois   .            (helmet restricted)
rElec   .            (no cloak)
rCorr   .            (gloves unavailable)
SInv    +            (boots unavailable)
Will    .....        (no amulet)
Stlth   +            (no ring)
HPRegen 0.21/turn    (no ring)
MPRegen 0.08/turn

%: no passive effects
@: glowing, very quick
A: very small, no large weapons, unfitting armour, see invisible, speed 3
a: no special abilities


You were in the Ecumenical Temple.
You visited 2 branches of the dungeon, and saw 6 of its levels.

You collected 10 gold pieces.

Inventory:

Hand Weapons
 a - a +0 short sword (weapon)
Armour
 b - a +0 robe (worn)
 d - an orb of light (worn)
Potions
 c - a potion of ambrosia


   Skills:
 + Level 2.5 Fighting
 - Level 3.2 Short Blades
 * Level 4.2 Dodging


You couldn't memorise any spells.
You didn't know any spells.
Your spell library was empty.

Dungeon Overview and Level Annotations

Branches:
Dungeon (5/15)             Temple (1/1) D:4

Altars:
Dithmenos
Elyvilon
Gozag
Okawaru
Qazlal
Ru
Trog
Vehumet
Xom


Innate Abilities, Weirdness & Mutations

You are very small and have problems with some larger weapons.
You are too small for most types of armour.
You have supernaturally acute eyesight. (SInv)
You cover ground extremely quickly. (Speed+++)


Message History

You hit the iguana but do no damage.
The iguana is moderately wounded.
The iguana misses you.
You hit the iguana but do no damage.
The iguana is moderately wounded.
You hit the iguana but do no damage.
The iguana is moderately wounded.
The iguana misses you.
You hit the iguana but do no damage.
The iguana is moderately wounded.
The iguana closely misses you.
You hit the iguana.
The iguana is heavily wounded.
The iguana closely misses you.
You barely miss the iguana.
The iguana is heavily wounded.
The iguana completely misses you.
You barely miss the iguana.
The iguana is heavily wounded.
The iguana misses you.
You hit the iguana.
The iguana is severely wounded.
The iguana bites you but does no damage.
You completely miss the iguana.
The iguana is severely wounded.
You hit the iguana but do no damage.
The iguana is severely wounded.
The iguana closely misses you.
You hit the iguana.
The iguana is almost dead.
The iguana bites you.
You hit the iguana but do no damage.
The iguana is almost dead.
The iguana closely misses you.
You hit the iguana.
The iguana is almost dead.
The iguana hisses menacingly.
The iguana bites you!
Ouch! That really hurt!
You die...

###.....###
##§§§§§....##
####§§§§§§.....###
#§§§§§§§#####....##
#§§§§§§##_._##....#
#§§§§§##.....##....
#######_....._##...
#⌠.⌠.⌠.........##..
#.@.......⌠...._#..
#l.⌠.⌠.........##..
#######_....._##...
#§§§§§##.....##....
#§§§§§§##_._##....#
#§.§§§§~#####....##
####§§.§§§.....###
##~.§§§....##
###.....###


You could see an iguana.

Vanquished Creatures
  An orc (D:4)
  A bat (D:2)
  A frilled lizard (D:2)
3 creatures vanquished.

Notes
Turn   | Place    | Note
-------+----------+-------------------------------------------
     0 | D:1      | Bravepunisher the Spriggan Monk began the quest for the
                  | Orb.
     0 | D:1      | Reached XP level 1. HP: 11/11 MP: 2/2
     0 | D:1      | Noticed an iron dragon
     2 | D:1      | Noticed an iron dragon
     4 | D:1      | Noticed a golden dragon
     7 | D:1      | Noticed an iron dragon
     8 | D:1      | Noticed a yellow draconian
    11 | D:1      | Noticed a large abomination
    13 | D:1      | Noticed a tentacled monstrosity
    15 | D:1      | Noticed a shadow dragon
    17 | D:1      | Noticed a large abomination
    17 | D:1      | Noticed an iron dragon
    19 | D:1      | Noticed a tentacled monstrosity
    21 | D:1      | Noticed a large abomination
   104 | D:4      | Noticed an orc wizard
   138 | D:5      | Entered Level 5 of the Dungeon
   145 | D:5      | Noticed a centaur
   183 | D:4      | Noticed a hound
   208 | D:4      | Found a staircase to the Ecumenical Temple.
   208 | D:4      | Noticed an iguana
   214 | Temple   | Entered the Ecumenical Temple
   232 | Temple   | Slain by an iguana

Illustrated notes

Levels and vault maps discovered:
D:1:      shiori_arrival_whats_in_store_for_you, layout_basic, serial_forest,
          infiniplex_forest_lined_corner, infiniplex_forest_clump_curved,
          infiniplex_forest_pool, infiniplex_forest_3_way,
          infiniplex_forest_clump_double, infiniplex_forest_lined_3,
          infiniplex_forest_clump_double, minmay_misc_feat_four_crosses,
          wad_floor_pattern_untrapped, st_stairs_4
D:2:      layout_basic, chequers_ecumenical_altar_twisty,
          minmay_misc_feat_ornament, uniq_sigmund
D:3:      layout_rooms, gammafunk_temple_overflow_pools
D:4:      layout_loops_ring, nemelex_dance_club_becter,
          minmay_temple_entry_tees, uniq_ijyb
D:5:      kennysheep_spiral_hall, layout_basic, lemuel_crystal_altar,
          uniq_duvessa
Temple:   hellmonk_temple_rainy

Action                     || total
---------------------------++-------
  Melee: Short sword       ||    28
 Armour: Robe              ||     8
  Dodge: Dodged            ||    22

Table legend: (Time is in decaauts)
 A = Elapsed time spent in this place.
 B = Non-inter-level travel time spent in this place.
 C = Inter-level travel time spent in this place.
 D = Time resting spent in this place.
 E = Time spent auto-exploring this place.
 F = Levels seen in this place.
 G = Mean time per level.
                   A        B        C        D        E       F      G
               +--------+--------+--------+--------+--------+-----+--------+
         Total |    151 |    151 |      0 |      0 |     45 |   6 |   25.2 |
       Dungeon |    136 |    136 |      0 |      0 |     45 |   5 |   27.2 |
        Temple |     14 |     14 |      0 |      0 |      0 |   1 |   14.0 |
               +--------+--------+--------+--------+--------+-----+--------+

Top non-repeatable levels by time:
     D:4: 77 daAuts
     D:2: 29 daAuts
     D:1: 16 daAuts
  Temple: 14 daAuts
     D:5: 10 daAuts
     D:3: 3 daAuts
